Map: Moonlight Madness LE (Void)

Players

Javert - Winner!

  • Race: Zerg Zerg
  • League: Gold

매의단

  • Race: Terran Terran
  • League: Platinum

VOD

Have the link to the VOD?

Description

Time

  • Played on: Sept. 14, 2015, 7:54 p.m.
  • Length: 13:18
Show
View Real Time Build Order
Export as new Build Order

Javert Zerg - Winner!

Build Orders: Hatch First 

Get SALT Encoding   

  12  0:01  Drone  
  13  0:14  Overlord  
  13  0:18  Drone  
  14  0:33  Drone  
  14  0:34  Drone  
  16  0:37  Drone  
  17  0:57  Hatchery  
  17  1:02  Drone  
  17  1:05  Drone  
  18  1:15  Spawning Pool  
  17  1:20  Drone x2  
  19  1:36  Drone, Extractor  
  19  1:43  Drone  
  20  2:03  Roach Warren, Queen  
  21  2:09  Queen  
  21  2:14  Drone x3  
  21  2:15  Drone  
  27  2:22  Overlord  
  27  2:43  Queen  
  27  2:49  Roach  
  27  2:50  Roach x3  
  35  2:55  Overlord  
  35  3:22  Roach x3  
  35  3:25  Hatchery  
  40  3:30  Drone  
  40  3:31  Drone  
  42  3:37  Overlord  
  42  3:45  Drone x2  
  40  4:01  Drone x2  
  40  4:02  Drone x5  
  43  4:06  Drone  
  44  4:12  Drone x2  
  47  4:17  Ravager x2  
  47  4:22  Extractor  
  47  4:24  Overlord  
  47  4:27  Extractor x2  
  45  4:38  Overlord x2  
  45  4:44  Ravager  
  46  4:48  Drone  
  46  4:49  Drone x6  
  46  4:52  Drone x3  
  56  5:02  Metabolic Boost  
  56  5:05  Drone x4  
  60  5:18  Drone x5  
  60  5:19  Drone  
  66  5:23  Lair  
  66  5:29  Overlord  
  60  5:45  Spore Crawler  
  60  5:48  Drone  
  60  5:49  Drone x10  
  70  5:52  Extractor  
  70  5:53  Extractor  
  70  5:54  Spine Crawler  
  67  6:02  Drone x2  
  67  6:03  Drone x2  
  68  6:14  Drone x6  
  74  6:26  Spire  
  74  6:27  Evolution Chamber  
  74  6:28  Evolution Chamber, Overlord x2  
  74  6:30  Baneling Nest  
  70  6:46  Burrow  
  70  6:50  Evolution Chamber x2  
  70  6:53  Drone x4  
  70  6:54  Drone x5  
  77  6:59  Overlord  
  77  7:00  Glial Reconstitution  
  79  7:04  Hydralisk Den  
  79  7:09  Queen  
  81  7:17  Overlord x2  
  81  7:18  Spore Crawler  
  81  7:20  Roach x3  
  81  7:21  Roach x5  
  96  7:28  Spore Crawler  
  95  7:31  Spore Crawler  
  95  7:32  Overseer  
  94  8:04  Roach  
  94  8:05  Roach x13  
  122  8:09  Zerg Missile Weapons Level 1, Zerg Ground Armor Level 1  
  122  8:10  Muscular Augments  
  122  8:17  Overlord x2  
  122  8:19  Pneumatized Carapace  
  122  8:22  Overseer x2  
  122  8:36  Overlord  
  122  8:37  Drone x2  
  122  8:38  Drone x7  
  131  8:47  Overlord x2  
  131  8:48  Overseer  
  131  8:53  Hatchery  
  131  8:54  Extractor  
  131  8:55  Extractor  
  122  9:24  Roach x9  
  120  9:50  Unknown  
  109  9:58  Roach x7  
  109  9:59  Roach x8  
  123  10:04  Drone  
  124  10:07  Hydralisk  
  124  10:08  Hydralisk x4  
  124  10:12  Queen  
  136  10:22  Overseer  
  136  10:23  Overseer x2  
  136  10:26  Overlord x3  
  136  10:38  Roach x21  
  120  11:05  Mutalisk x8  
  120  11:06  Mutalisk x9  
  124  11:33  Mutalisk x11  
  134  11:43  Overseer x3  
  134  11:49  Drone x4  
  135  12:11  Roach  
  135  12:12  Roach x3  
  139  12:38  Roach  
  139  12:39  Roach  
  143  12:44  Spore Crawler x2  
  143  12:51  Overlord x3  
  143  12:53  Overlord x2  
  143  13:01  Drone x2  
Show
View Real Time Build Order
Export as new Build Order

매의단 Terran 

Build Orders: Reaper Expand 

Get SALT Encoding   

  12  0:00  SCV  
  13  0:13  SCV  
  14  0:22  Supply Depot  
  14  0:25  SCV  
  15  0:44  SCV  
  15  0:46  Barracks  
  15  0:49  Refinery  
  16  0:56  SCV  
  17  1:08  SCV  
  18  1:20  SCV  
  19  1:33  Orbital Command  
  19  1:34  Reaper  
  20  1:42  Command Center  
  20  1:53  Refinery  
  20  1:58  SCV  
  21  2:03  Supply Depot  
  21  2:07  Barracks Reactor  
  21  2:11  SCV  
  22  2:23  SCV  
  22  2:24  Factory  
  23  2:37  SCV  
  24  2:49  SCV, Marine x2  
  27  2:55  Orbital Command  
  27  2:57  Bunker  
  27  3:01  SCV  
  28  3:07  Widow Mine, Marine x2  
  31  3:17  Starport  
  31  3:23  Bunker  
  31  3:25  SCV x2  
  33  3:28  Marine x2  
  35  3:38  SCV x2  
  37  3:43  Factory Tech Lab  
  37  3:46  Marine x2  
  39  3:50  SCV x2  
  40  4:02  SCV  
  41  4:03  SCV  
  41  4:06  Supply Depot  
  41  4:09  Supply Depot  
  42  4:14  SCV  
  42  4:15  SCV, Medivac  
  46  4:24  Command Center  
  46  4:27  Widow Mine  
  46  4:29  Refinery  
  48  4:31  Refinery  
  48  4:40  Supply Depot  
  48  4:46  SCV x2  
  48  4:51  Raven  
  52  4:58  SCV x2, Marine x2  
  56  5:04  Factory  
  56  5:05  Starport  
  56  5:08  Armory  
  56  5:10  SCV x2  
  57  5:16  Marine x2  
  57  5:17  Cloaking Field  
  59  5:22  SCV x2  
  59  5:27  Supply Depot  
  59  5:28  Supply Depot  
  61  5:35  Banshee  
  64  5:36  SCV x2  
  64  5:42  Bunker  
  66  5:46  Marine x2  
  66  5:48  SCV  
  69  5:50  Starport Tech Lab  
  69  5:53  Factory Tech Lab  
  69  5:54  SCV  
  70  5:59  Factory Reactor  
  70  6:00  SCV  
  70  6:02  Orbital Command  
  70  6:03  Terran Ship Weapons Level 1  
  71  6:06  SCV  
  70  6:12  SCV  
  70  6:15  Hellion, Infernal Pre-Igniter  
  70  6:17  Banshee  
  74  6:19  SCV  
  74  6:24  SCV  
  76  6:28  Refinery  
  76  6:30  Banshee  
  79  6:36  Hellion, Orbital Command  
  79  6:37  SCV  
  79  6:39  SCV  
  83  6:49  SCV  
  83  6:51  Refinery  
  83  6:53  SCV  
  85  7:00  Hellion x2, Raven  
  85  7:01  Hellion  
  93  7:14  Factory x2  
  93  7:16  Engineering Bay  
  93  7:39  Supply Depot  
  93  7:40  Supply Depot  
  93  7:57  Banshee, Viking, SCV  
  93  8:00  SCV x2  
  93  8:01  Hellion x2  
  96  8:06  Thor  
  96  8:08  Factory Tech Lab, Factory Reactor  
  96  8:09  SCV  
  105  8:12  SCV x2  
  105  8:16  Missile Turret x4  
  105  8:17  Missile Turret  
  105  8:18  Missile Turret  
  105  8:21  Widow Mine x2  
  105  8:22  Missile Turret x3  
  105  8:25  Missile Turret  
  109  8:28  Supply Depot  
  109  8:29  Supply Depot  
  109  8:34  Armory, Terran Vehicle Weapons Level 1  
  109  8:44  Viking  
  109  8:49  Thor, SCV x2  
  109  8:50  Thor  
  109  8:51  Hellion  
  125  8:57  Hellion  
  125  8:59  Banshee  
  113  9:14  Banshee  
  110  9:24  SCV x2  
  110  9:31  Orbital Command  
  105  9:36  SCV  
  98  9:42  Banshee  
  98  9:44  Hellion x6  
  100  9:48  SCV  
  91  9:54  SCV  
  91  9:57  Banshee, Supply Depot  
  90  10:00  SCV  
  90  10:05  Hellion x2  
  90  10:06  SCV  
  96  10:09  Hellion x4  
  96  10:11  SCV  
  96  10:12  SCV  
  106  10:23  SCV  
  106  10:24  Banshee  
  110  10:32  Hellion x3, Refinery  
  110  10:35  SCV  
  117  10:44  SCV  
  117  10:53  SCV  
  117  10:54  Banshee  
  117  10:58  SCV  
  117  11:02  Hellion  
  117  11:03  Hellion x2  
  106  11:07  Banshee  
  106  11:20  SCV  
  101  11:26  Thor x2  
  101  11:27  Hellion x2  
  101  11:29  Hellion  
  115  11:47  Supply Depot  
  115  11:49  Supply Depot  
  115  11:58  SCV x2  
  107  12:02  Banshee  
  94  12:10  SCV x2  
  82  12:16  Thor  
  91  12:27  Missile Turret x2  
  91  12:28  Missile Turret  
Tags
 
Add a new tag
Caveats
  • Supply blocks, unpowered buildings, or Contaminate may cause inaccurate times.
  • Supply counts are checked every 10 seconds.